[Event "Titled Tuesday Blitz November 29 Early 2022"]
[White "Mayaud, Raphael"]
[Black "Bai, Adelard"]
[WhiteFideId "627151"]
[BlackFideId "16301188"]
[WhiteElo "2191"]
[BlackElo "2299"]
[Result "0-1"]
[Round "06"]
[TimeControl "180+1"]
[Date "2022.11.30"]
[WhiteClock "0:01:53"]
[BlackClock "0:01:48"]

1. d4 Nf6 2. Bg5 Ne4 3. Bf4 d5 4. f3 Nd6 5. e4 dxe4 6. Nc3 g6 7. fxe4 Bg7 8. Nf3 Bg4 9. Be2 Bxf3 10. gxf3 Nc6 11. Be3 O-O 12. Qd2 Na5 13. b3 e5 14. d5 f5 15. Bh6 Qh4+ 0-1


[Site "https://www.chess.com"]

[Event "Titled Tuesday Blitz November 29 Early 2022"]
[White "Megalios, Konstantinos"]
[Black "Postny, Evgeny"]
[WhiteFideId "4238044"]
[BlackFideId "2804344"]
[WhiteElo "2277"]
[BlackElo "2476"]
[Result "0-1"]
[Round "06"]
[TimeControl "180+1"]
[Date "2022.11.30"]
[WhiteClock "0:00:08"]
[BlackClock "0:00:07"]

1. Nf3 d6 2. d4 g6 3. e4 Bg7 4. c3 Nf6 5. Bd3 O-O 6. O-O Nc6 7. Re1 e5 8. h3 Qe7 9. Bg5 h6 10. Bh4 Qe8 11. dxe5 dxe5 12. Nbd2 Nh5 13. Nc4 Nf4 14. Bf1 Kh7 15. b4 a6 16. a4 Nb8 17. Nfd2 Nd7 18. f3 Nf6 19. Bf2 N6h5 20. g4 Nf6 21. Bc5 Rg8 22. Qb1 b6 23. Bf2 h5 24. a5 b5 25. Ne3 Bh6 26. c4 hxg4 27. hxg4 Bg5 28. cxb5 axb5 29. Qb2 Kg7 30. Rac1 Rh8 31. Rxc7 Rh6 32. Rec1 Qh8 33. Bg2 Nxg2 34. Kxg2 Rh2+ 35. Kf1 Qh3+ 36. Ke2 Rxf2+ 37. Kxf2 Qh2+ 38. Ng2 Bh4+ 39. Ke3 Qxg2 40. Qxe5 Qf2+ 41. Kd3 Be6 42. R1c5 Rd8+ 43. Rd5 Bxd5 44. exd5 Rxd5+ 45. Qxd5 Nxd5 46. Rc5 Qe3+ 47. Kc2 Nxb4+ 48. Kd1 Qxc5 0-1


[Site "https://www.chess.com"]

[Event "Titled Tuesday Blitz November 29 Early 2022"]
[White "Melian, Juan Sebastian"]
[Black "Mohammed, Dilshad"]
[WhiteFideId "3706575"]
[BlackFideId "5050421"]
[WhiteElo "2044"]
[BlackElo "2102"]
[Result "1-0"]
[Round "06"]
[TimeControl "180+1"]
[Date "2022.11.30"]
[WhiteClock "0:00:08"]
[BlackClock "0:00:06"]

1. d4 d5 2. c4 c5 3. Nf3 cxd4 4. Nxd4 dxc4 5. e3 e5 6. Nb5 Qxd1+ 7. Kxd1 Na6 8. Bxc4 Bd7 9. N1c3 Bc6 10. f3 Nf6 11. Ke2 Bc5 12. a3 O-O 13. b4 Be7 14. e4 Rfc8 15. Bd3 Nc7 16. Nxc7 Rxc7 17. Bd2 a6 18. Rhc1 Rd7 19. Be3 h6 20. Bc4 Rc8 21. g4 Rdc7 22. Bd5 Be8 23. Kd2 b5 24. Rc2 a5 25. Bb6 axb4 26. Bxc7 Rxc7 27. axb4 Bxb4 28. Kd3 Nd7 29. Ne2 Nc5+ 30. Ke3 Re7 31. Rb2 Nb3 32. Rxb3 Bc5+ 33. Kd3 b4 34. Rc1 Bb5+ 35. Kd2 Bb6 36. Rc8+ Kh7 37. Rb8 Ba4 38. Rxb6 Bxb3 39. Bxb3 Rd7+ 40. Bd5 Rc7 41. Rxb4 Ra7 42. Rb7 Ra3 43. Nc3 Ra1 44. Rxf7 Kg6 45. Re7 Kf6 46. Re6+ Kg5 47. Rxe5+ Kh4 48. Rh5# 1-0


[Site "https://www.chess.com"]

[Event "Titled Tuesday Blitz November 29 Early 2022"]
[White "Migot, Tangi"]
[Black "Malek, Jan"]
[WhiteFideId "662445"]
[BlackFideId "21864080"]
[WhiteElo "2597"]
[BlackElo "2255"]
[Result "0-1"]
[Round "06"]
[TimeControl "180+1"]
[Date "2022.11.30"]
[WhiteClock "0:00:20"]
[BlackClock "0:00:13"]

1. e4 e6 2. d4 d5 3. Nc3 Be7 4. Qg4 Nf6 5. Qxg7 Rg8 6. Qh6 dxe4 7. Nge2 Nc6 8. Be3 e5 9. O-O-O Rg6 10. Qh4 Rg4 11. Qh6 Bf8 12. Qh3 Qe7 13. g3 Bd7 14. Qg2 O-O-O 15. d5 Nb4 16. h3 Rg6 17. a3 Na6 18. Nxe4 Bf5 19. N2c3 Bxe4 20. Nxe4 Nxd5 21. Bxa6 bxa6 22. Bc5 Qe8 23. c4 Nb6 24. Rxd8+ Kxd8 25. Rd1+ Kc8 26. Qf3 Bxc5 27. Nxc5 Qc6 28. Qf5+ Re6 29. Nxe6 Qxc4+ 30. Kb1 Qxe6 31. Qxe6+ fxe6 32. Re1 Nc4 33. Re4 Nd2+ 34. Kc2 Nxe4 35. Kd3 Nxf2+ 36. Ke2 Nxh3 37. Kf3 Ng5+ 38. Kg4 Nf7 39. Kh5 Kd7 40. Kg4 Kd6 41. Kf3 Kd5 42. Ke3 e4 0-1


[Site "https://www.chess.com"]

[Event "Titled Tuesday Blitz November 29 Early 2022"]
[White "Mihailidis, Anastasios"]
[Black "Godzwon, Iwo"]
[WhiteFideId "4205588"]
[BlackFideId "21802483"]
[WhiteElo "2312"]
[BlackElo "2284"]
[Result "1-0"]
[Round "06"]
[TimeControl "180+1"]
[Date "2022.11.30"]
[WhiteClock "0:00:08"]
[BlackClock "0:00:02"]

1. e4 a6 2. d4 b5 3. c4 bxc4 4. Bxc4 e6 5. Nc3 Bb7 6. d5 Nf6 7. Bg5 Be7 8. Bxf6 Bxf6 9. Nge2 O-O 10. O-O a5 11. f4 exd5 12. Bxd5 Bxd5 13. Qxd5 c6 14. Qd2 d6 15. Rad1 Na6 16. Kh1 Qb6 17. b3 Rad8 18. Na4 Qb4 19. Qd3 Nc7 20. Nd4 Qb7 21. Rc1 c5 22. Nf5 Nb5 23. Rfd1 Rfe8 24. Ng3 Bh4 25. Nf5 Bf6 26. Ng3 Nd4 27. Nc3 Bh4 28. Nge2 Bf2 29. Nd5 f5 30. Nec3 fxe4 31. Nxe4 Qxd5 32. Nxf2 Rf8 33. Qd2 Rde8 34. Re1 Qf7 35. Nd3 Rxe1+ 36. Rxe1 Re8 37. Re3 Rxe3 38. Qxe3 h6 39. Qe4 a4 40. bxa4 Qxa2 41. h3 Qxa4 42. Qd5+ Kh7 43. Kh2 Qd7 44. Nxc5 Qf5 45. Qxd6 1-0


[Site "https://www.chess.com"]

[Event "Titled Tuesday Blitz November 29 Early 2022"]
[White "Mikhalsky, Vladimir"]
[Black "Koellner, Ruben Gideon"]
[WhiteFideId "14144352"]
[BlackFideId "12993093"]
[WhiteElo "2271"]
[BlackElo "2303"]
[Result "0-1"]
[Round "06"]
[TimeControl "180+1"]
[Date "2022.11.30"]
[WhiteClock "0:00:02"]
[BlackClock "0:00:13"]

1. d4 d6 2. e4 Nf6 3. f3 e5 4. d5 Be7 5. c4 O-O 6. b3 c6 7. Bb2 cxd5 8. cxd5 Nbd7 9. Bd3 Nc5 10. Bc2 b5 11. b4 Ncd7 12. Nc3 a6 13. a4 bxa4 14. Bxa4 Nb6 15. Bc6 Rb8 16. Qd3 Nh5 17. Nge2 f5 18. O-O f4 19. b5 axb5 20. Nxb5 g5 21. h3 Nf6 22. Na7 h5 23. Nxc8 Nxc8 24. Bc3 g4 25. Ba5 Nb6 26. Rfb1 Qc7 27. Qb5 Bd8 28. Nc3 Qc8 29. Na4 Nbd7 30. Bb7 Qc2 31. Bxd8 Rfxd8 32. Qb2 Qd3 33. Rd1 Qe3+ 34. Kh1 gxf3 35. Ra3 Qxe4 36. gxf3 Qf5 37. Qg2+ Kh7 38. Bc6 Rg8 39. Qh2 Rg3 40. Bxd7 Nxd7 41. Nc3 Rxh3 42. Ra7 Rg8 0-1


[Site "https://www.chess.com"]

[Event "Titled Tuesday Blitz November 29 Early 2022"]
[White "Mitrovic, Darko R"]
[Black "Roman, Rodrigo"]
[WhiteFideId "927023"]
[BlackFideId "3701220"]
[WhiteElo "2150"]
[BlackElo "1995"]
[Result "0-1"]
[Round "06"]
[TimeControl "180+1"]
[Date "2022.11.30"]
[WhiteClock "0:00:02"]
[BlackClock "0:00:57"]

1. d4 Nf6 2. c4 c5 3. dxc5 g6 4. Nf3 Bg7 5. g3 O-O 6. Bg2 Nc6 7. O-O Ne4 8. Qc2 Nxc5 9. Nc3 d6 10. Bd2 Bf5 11. e4 Nb4 12. Qb1 Be6 13. Nd5 Bxd5 14. cxd5 Nbd3 15. b4 Bxa1 16. bxc5 Nxc5 17. Qxa1 Nxe4 18. Bh6 Nf6 19. Bxf8 Qxf8 20. Nd4 Rc8 21. Rc1 a6 22. Bf3 Qd8 23. Qb1 Rc7 24. Kg2 Qc8 25. Rxc7 Qxc7 26. Qc2 Qd7 27. a4 Qd8 28. Qc4 Kg7 29. Nb3 Nd7 30. a5 Ne5 31. Qb4 Qd7 32. Nd4 h5 33. Be4 h4 34. f4 Ng4 0-1


[Site "https://www.chess.com"]

[Event "Titled Tuesday Blitz November 29 Early 2022"]
[White "Mohamed Anees M"]
[Black "Balabayeva, Xeniya"]
[WhiteFideId "35065815"]
[BlackFideId "13719688"]
[WhiteElo "2135"]
[BlackElo "2041"]
[Result "1-0"]
[Round "06"]
[TimeControl "180+1"]
[Date "2022.11.30"]
[WhiteClock "0:00:20"]
[BlackClock "0:00:02"]

1. e4 c6 2. Nf3 d5 3. d3 g6 4. Nbd2 Bg7 5. g3 e5 6. Bg2 Ne7 7. O-O O-O 8. b3 d4 9. Nc4 Qc7 10. a4 c5 11. Nh4 Nbc6 12. f4 exf4 13. Bxf4 Ne5 14. Nf3 N7c6 15. Qe2 Be6 16. Ncxe5 Nxe5 17. Nd2 Rae8 18. Rae1 Qe7 19. Kh1 Ng4 20. Nf3 Bd7 21. Bg5 f6 22. Bf4 h5 23. h3 Nh6 24. Qd2 g5 25. Nxg5 fxg5 26. Bxg5 Qe6 27. Bf4 Nf7 28. Qe2 Qg6 29. h4 Ne5 30. Qd2 Ng4 31. Bf3 Be5 32. Bxg4 Qxg4 33. Bxe5 Rxf1+ 34. Rxf1 Rxe5 35. Qf2 Qg7 36. Qf4 Re6 37. Kh2 Rg6 38. Qb8+ Kh7 39. Rf3 b6 40. Qf4 Bg4 41. Rf2 Qe7 42. Qb8 Kg7 43. e5 Be6 44. Rf4 Bd7 45. Qxa7 Qe6 46. g4 hxg4 47. Kg3 Kh6 48. Qb8 Kh7 49. h5 Rg7 50. Rf6 Qd5 51. Rh6+ 1-0


[Site "https://www.chess.com"]

[Event "Titled Tuesday Blitz November 29 Early 2022"]
[White "Mohammed, Zozek Salah Mohammed"]
[Black "Samaganova, Aleksandra"]
[WhiteFideId "4803361"]
[BlackFideId "13800221"]
[WhiteElo "2199"]
[BlackElo "1864"]
[Result "0-1"]
[Round "06"]
[TimeControl "180+1"]
[Date "2022.11.30"]
[WhiteClock "0:00:20"]
[BlackClock "0:00:05"]

1. d4 Nf6 2. Nf3 e6 3. g3 b6 4. Bg2 Bb7 5. O-O c5 6. c4 cxd4 7. Nxd4 Bxg2 8. Kxg2 d5 9. cxd5 Qxd5+ 10. f3 Bc5 11. Nb5 Qc6 12. N1c3 O-O 13. Bg5 Nbd7 14. Rc1 a6 15. Nd4 Qb7 16. e4 h6 17. Be3 Rac8 18. Qe2 b5 19. Nb3 Bxe3 20. Qxe3 Ne5 21. Nc5 Qa7 22. b4 Nc4 23. Qf2 Rfd8 24. Rcd1 Qb6 25. Rd4 Rxd4 26. Qxd4 Rd8 27. Qg1 Rd2+ 28. Kh1 Rc2 29. Rc1 Rb2 30. Nd3 Qxg1+ 31. Kxg1 Rd2 32. Nc5 Ne3 33. Nxa6 Rb2 34. a3 Rg2+ 35. Kh1 Rf2 36. Nxb5 Rxf3 37. Kg1 Nfg4 38. Nd4 Rf2 39. Rc2 Rf1# 0-1


[Site "https://www.chess.com"]

[Event "Titled Tuesday Blitz November 29 Early 2022"]
[White "Molina, Roberto Junio Brito"]
[Black "Rosen, Eric"]
[WhiteFideId "2109450"]
[BlackFideId "2032562"]
[WhiteElo "2388"]
[BlackElo "2362"]
[Result "1-0"]
[Round "06"]
[TimeControl "180+1"]
[Date "2022.11.30"]
[WhiteClock "0:00:05"]
[BlackClock "0:00:02"]

1. d4 d5 2. c4 e6 3. Nc3 Nf6 4. cxd5 exd5 5. Bg5 c6 6. e3 Bd6 7. Bd3 h6 8. Bh4 O-O 9. Nge2 Re8 10. Qc2 a5 11. a3 Na6 12. Bg3 Nc7 13. O-O Ne6 14. Rab1 Ng5 15. b4 b5 16. Rfc1 Qe7 17. Bxd6 Qxd6 18. Ng3 Bd7 19. Nce2 axb4 20. axb4 g6 21. Bxg6 fxg6 22. Qxg6+ Kh8 23. Qxh6+ Ngh7 24. Nf4 Rg8 25. Ng6+ Rxg6 26. Qxg6 Rg8 27. Qh6 Qe7 28. Qf4 Rf8 29. Qh4 Qg7 30. Ra1 Ng4 31. Rc2 Qg6 32. Rd2 Nf6 33. f3 Re8 34. Re1 Rg8 35. e4 dxe4 36. fxe4 Ng4 37. d5 cxd5 38. exd5 Qb6+ 39. Kh1 Nf2+ 40. Rxf2 Qxf2 41. Qe7 Nf6 42. Qe5 Kh7 43. Rf1 Ng4 44. Qe7+ Rg7 45. Qh4+ Kg8 46. Rxf2 Nxf2+ 47. Kg1 Ng4 48. Qd8+ Kh7 49. Qh4+ Kg8 50. Nh5 Rf7 51. Qg5+ Kf8 52. h3 Be8 53. hxg4 Rd7 54. Qh6+ Ke7 55. Qf6# 1-0


[Site "https://www.chess.com"]

[Event "Titled Tuesday Blitz November 29 Early 2022"]
[White "Nugumanov, Bakhtiyar"]
[Black "Sadovsky, Artem"]
[WhiteFideId "13701797"]
[BlackFideId "4155840"]
[WhiteElo "2287"]
[BlackElo "2312"]
[Result "1/2-1/2"]
[Round "06"]
[TimeControl "180+1"]
[Date "2022.11.30"]
[WhiteClock "0:00:08"]
[BlackClock "0:00:10"]

1. e4 g6 2. d4 Bg7 3. Nc3 c6 4. Nf3 d5 5. e5 h5 6. Bd3 Nh6 7. O-O Bf5 8. Ne2 Bxd3 9. Qxd3 Nf5 10. c4 e6 11. b4 dxc4 12. Qxc4 a6 13. a4 Nd7 14. Ba3 Nb6 15. Qb3 Qd5 16. Qd3 Qc4 17. Qd2 O-O 18. Rfc1 Qd5 19. b5 Rfd8 20. bxc6 Nc4 21. Qa2 b5 22. Nc3 Qxc6 23. axb5 axb5 24. Nxb5 Qxb5 25. Qxc4 Qxc4 26. Rxc4 Bf8 27. Rc3 Bxa3 28. Rcxa3 Rxa3 29. Rxa3 Nxd4 30. Nxd4 Rxd4 31. g3 Rd5 32. Re3 g5 33. Kg2 Kg7 34. h4 g4 35. f3 Kg6 36. fxg4 hxg4 37. Re4 Kf5 38. Rf4+ Kxe5 39. Rxf7 Rd2+ 40. Kf1 Rd3 41. Kf2 Rd2+ 42. Kf1 Rh2 43. Rf4 Ra2 44. Rxg4 Kd5 45. h5 e5 46. h6 Ra7 47. Rh4 Rh7 48. g4 Ke4 49. g5+ Kf5 50. Rh5 Kg6 51. Rh2 Kxg5 52. Re2 Kf5 53. Rf2+ Ke6 54. Rh2 Kf5 55. Ke2 Kg5 56. Ke3 Rxh6 57. Rxh6 Kxh6 58. Ke4 Kg5 59. Kxe5 1/2-1/2


[Site "https://www.chess.com"]

[Event "Titled Tuesday Blitz November 29 Early 2022"]
[White "Odegov, Artem"]
[Black "Garagulya, Konstantin"]
[WhiteFideId "34183644"]
[BlackFideId "4128931"]
[WhiteElo "2298"]
[BlackElo "2329"]
[Result "1-0"]
[Round "06"]
[TimeControl "180+1"]
[Date "2022.11.30"]
[WhiteClock "0:02:01"]
[BlackClock "0:01:08"]

1. d4 Nf6 2. c4 e6 3. Nf3 d5 4. Nc3 Be7 5. Bg5 O-O 6. e3 b6 7. Qc2 h6 8. Bxf6 Bxf6 9. h4 c5 10. O-O-O cxd4 11. Nxd4 Bb7 12. g4 dxc4 13. Rg1 Bxh4 14. Nxe6 Qf6 15. Nxf8 Kxf8 16. f4 Nc6 17. Nd5 Qd6 18. Qh7 f6 19. Bxc4 Na5 20. Nxb6 Nxc4 21. Rxd6 Nxd6 22. Nxa8 1-0


[Site "https://www.chess.com"]

[Event "Titled Tuesday Blitz November 29 Early 2022"]
[White "Ohanyan, Emin"]
[Black "Xiong, Jeffery"]
[WhiteFideId "13312022"]
[BlackFideId "2047640"]
[WhiteElo "2816"]
[BlackElo "2993"]
[Result "0-1"]
[Round "06"]
[TimeControl "180+1"]
[Date "2022.11.30"]
[WhiteClock "0:00:03"]
[BlackClock "0:00:27"]

1. e4 c5 2. Nf3 Nf6 3. e5 Nd5 4. Nc3 Nxc3 5. dxc3 Qb6 6. Bd3 Nc6 7. Qe2 e6 8. h4 d5 9. exd6 Bxd6 10. h5 h6 11. Rh4 Be7 12. Rg4 Bf6 13. Nd2 Ne5 14. Re4 Nxd3+ 15. cxd3 Bd7 16. Nc4 Qa6 17. Bf4 O-O 18. Be5 Bxe5 19. Nxe5 Bc6 20. Rg4 Rad8 21. Qe3 Kh7 22. Qg3 Rg8 23. Nxf7 Rxd3 24. Qe5 Rd5 25. Qe3 Rxh5 26. O-O-O Qxa2 27. Qd3+ g6 28. Qd6 Qa1+ 29. Kc2 Ba4+ 30. Rxa4 Qxa4+ 31. Kb1 Qe4+ 32. Ka1 Rd5 33. Rxd5 Qxd5 34. Qh2 Kg7 35. Qc7 Qc6 36. Qe7 Re8 0-1


[Site "https://www.chess.com"]

[Event "Titled Tuesday Blitz November 29 Early 2022"]
[White "Oro, Faustino"]
[Black "Grandelius, Nils"]
[WhiteFideId "20000197"]
[BlackFideId "1710400"]
[WhiteElo "2066"]
[BlackElo "2617"]
[Result "0-1"]
[Round "06"]
[TimeControl "180+1"]
[Date "2022.11.30"]
[WhiteClock "0:00:03"]
[BlackClock "0:00:13"]

1. e4 e5 2. Nf3 Nc6 3. Bb5 Nf6 4. O-O Nxe4 5. Re1 Nd6 6. Nxe5 Be7 7. Bf1 Nf5 8. c3 Nxe5 9. Rxe5 d6 10. Re1 O-O 11. d4 d5 12. Bf4 Nh4 13. Bd3 Ng6 14. Be3 Bd6 15. Nd2 c6 16. Nf3 h6 17. h3 Qf6 18. Nh2 Bd7 19. Ng4 Qh4 20. Bxg6 fxg6 21. Ne5 Bxe5 22. dxe5 Be6 23. Qd4 Qh5 24. Rad1 g5 25. Qb4 Rf7 26. Rd4 Qg6 27. Kh2 b6 28. Rd2 c5 29. Qb5 Qf5 30. Rde2 Raf8 31. Bd2 g4 32. h4 Qh5 33. g3 Rxf2+ 34. Kg1 Qf5 35. Be3 Rf1+ 36. Kh2 Qe4 37. Bg1 Qg6 38. Qc6 Rxe1 39. Rxe1 Qc2+ 40. Kh1 Qf5 41. Kh2 Kh7 42. Qd6 Rf7 43. Be3 Rd7 44. Qc6 Qc2+ 45. Kh1 Bf5 46. Bf4 Be4+ 47. Rxe4 Qxe4+ 48. Kh2 Qf5 49. e6 Re7 0-1


[Site "https://www.chess.com"]

[Event "Titled Tuesday Blitz November 29 Early 2022"]
[White "Orzech, Dominik"]
[Black "Dehtiarov, Roman"]
[WhiteFideId "1115065"]
[BlackFideId "14186640"]
[WhiteElo "2272"]
[BlackElo "2200"]
[Result "1-0"]
[Round "06"]
[TimeControl "180+1"]
[Date "2022.11.30"]
[WhiteClock "0:00:23"]
[BlackClock "0:00:02"]

1. Nf3 Nf6 2. c4 c5 3. g3 Nc6 4. Bg2 e5 5. O-O d6 6. Nc3 g6 7. Ne1 Bg7 8. Nc2 O-O 9. Rb1 Be6 10. Nd5 Bxd5 11. cxd5 Ne7 12. e4 Nd7 13. d3 h6 14. Ne3 Kh7 15. Nc4 Qc7 16. a4 b6 17. f4 a6 18. f5 gxf5 19. exf5 Nf6 20. Be4 Nexd5 21. Qf3 Nb4 22. Bxa8 d5 23. Bxd5 Nbxd5 24. Ne3 Nb4 25. Ng4 Qd6 26. Rd1 Nc6 27. Be3 a5 28. Nf2 Nd4 29. Bxd4 Qxd4 30. Kg2 Rd8 31. b3 Nd5 32. Re1 Nf6 33. Rbc1 Qb4 34. Rb1 Rd4 35. Rxe5 Qd2 36. Re7 Kg8 37. Rbe1 Rd8 38. R1e2 Qb4 39. Ne4 Nd5 40. f6 Nxe7 41. fxe7 Re8 42. Nd6 Rxe7 43. Rxe7 Qd2+ 44. Re2 Qxd3 45. Qxf7+ Kh8 46. Re8+ Kh7 47. Qg8+ Kg6 48. Re6+ Kh5 49. Qf7+ Kg5 50. Qf4+ Kh5 51. Qh4# 1-0


[Site "https://www.chess.com"]

[Event "Titled Tuesday Blitz November 29 Early 2022"]
[White "Ovchinnikov, Vsevolod"]
[Black "Berezin, Viktor"]
[WhiteFideId "24176842"]
[BlackFideId "14107872"]
[WhiteElo "2376"]
[BlackElo "2310"]
[Result "1/2-1/2"]
[Round "06"]
[TimeControl "180+1"]
[Date "2022.11.30"]
[WhiteClock "0:00:02"]
[BlackClock "0:00:30"]

1. Nf3 Nf6 2. c4 g6 3. b3 Bg7 4. Bb2 O-O 5. g3 d6 6. d4 Nc6 7. Bg2 Rb8 8. O-O a6 9. d5 Na5 10. Bc3 c5 11. Qe1 b6 12. e4 Nb7 13. a4 Bg4 14. Nfd2 Bd7 15. f4 b5 16. axb5 axb5 17. e5 Ng4 18. h3 Nh6 19. g4 f6 20. e6 Be8 21. f5 gxf5 22. gxf5 Kh8 23. Ne4 Ra8 24. Nbd2 Rxa1 25. Qxa1 b4 26. Bb2 Bh5 27. Qe1 Na5 28. Ng3 Be8 29. Qe4 Rg8 30. Qh4 Bf8 31. Rf3 Qa8 32. Kh2 Nxb3 33. Nxb3 Qa2 34. Bc1 Nxf5 35. Rxf5 Qxb3 36. Rf3 Qc2 37. Rf1 b3 38. Qe4 Bg6 39. Qxc2 Bxc2 40. Rf2 Bh6 41. Be4 Bxc1 42. Bxc2 bxc2 43. Rxc2 Bf4 44. Rc3 Be5 45. Rf3 Rb8 46. Kh1 Rb4 47. Nf5 Rb7 48. Kg2 h5 49. h4 Kh7 50. Rf1 Kg6 51. Ne3 Bd4 52. Nf5 Be5 53. Rf2 Ra7 1/2-1/2


[Site "https://www.chess.com"]

[Event "Titled Tuesday Blitz November 29 Early 2022"]
[White "Ovezdurdyyeva, Jemal"]
[Black "Fabris, Alberto"]
[WhiteFideId "14001888"]
[BlackFideId "801348"]
[WhiteElo "1961"]
[BlackElo "2141"]
[Result "1-0"]
[Round "06"]
[TimeControl "180+1"]
[Date "2022.11.30"]
[WhiteClock "0:00:32"]
[BlackClock "0:00:04"]

1. e4 c6 2. d4 d5 3. Nd2 dxe4 4. Nxe4 Bf5 5. Ng3 Bg6 6. h4 h6 7. Nf3 Nf6 8. Bd3 Bxd3 9. Qxd3 e6 10. O-O Bd6 11. Ne2 Qc7 12. c4 Nbd7 13. a3 O-O 14. b4 Rad8 15. c5 Be7 16. Bf4 Qc8 17. Nd2 e5 18. dxe5 Nxe5 19. Qg3 Ng6 20. Be3 Nd5 21. Bd4 Bf6 22. h5 Nge7 23. Bxf6 Nxf6 24. Nc4 Nf5 25. Qf3 Rfe8 26. Nf4 Nd5 27. Rad1 Nxf4 28. Qxf4 Rxd1 29. Rxd1 Qe6 30. g4 Nh4 31. Nd6 Rd8 32. Qg3 Qf6 33. Rd3 g6 34. Kh2 Kh7 35. Ne4 Qe7 36. Re3 gxh5 37. g5 Nf5 38. Nf6+ Qxf6 39. gxf6 Nxg3 40. Kxg3 Kg6 41. Re7 Rb8 42. Kh4 Kxf6 43. Rd7 Ke6 44. Rc7 Kd5 45. Rxf7 Kc4 46. Kxh5 Kb3 47. Rf3+ Ka4 48. Kxh6 Rg8 49. Re3 Rf8 50. f3 b6 51. cxb6 axb6 52. Kg7 Rf4 53. Kg6 c5 54. bxc5 bxc5 55. Kg5 Rf8 56. f4 c4 57. f5 Rg8+ 58. Kf6 Rd8 59. Rc3 Kb5 60. Ke7 Rd3 61. Rc1 Rxa3 62. f6 Rf3 63. f7 Kb4 64. Rb1+ Ka3 65. Rb6 c3 66. Rf6 Re3+ 67. Kd7 Rd3+ 68. Kc7 1-0


[Site "https://www.chess.com"]

[Event "Titled Tuesday Blitz November 29 Early 2022"]
[White "Ozen, Bahadir"]
[Black "Manukyan, Sargis A."]
[WhiteFideId "6337058"]
[BlackFideId "13303970"]
[WhiteElo "2860"]
[BlackElo "2537"]
[Result "1-0"]
[Round "06"]
[TimeControl "180+1"]
[Date "2022.11.30"]
[WhiteClock "0:01:20"]
[BlackClock "0:00:14"]

1. g3 Nf6 2. Bg2 g6 3. Nf3 Bg7 4. O-O b5 5. d3 Bb7 6. e4 d6 7. Nh4 c5 8. e5 Bxg2 9. exf6 Bxf1 10. fxg7 Rg8 11. Qxf1 Rxg7 12. Qg2 Nd7 13. Bh6 Rg8 14. Nc3 Rb8 15. Re1 e6 16. a4 bxa4 17. Qc6 Qb6 18. Qxa4 g5 19. Nd5 Qb7 20. Nf6+ Ke7 21. Nxg8+ Rxg8 22. Nf5+ Kf6 23. Nxd6 Qd5 24. Qxd7 1-0


[Site "https://www.chess.com"]

[Event "Titled Tuesday Blitz November 29 Early 2022"]
[White "Papasimakopoulos, Alexandros"]
[Black "Dilanyan, Grigor"]
[WhiteFideId "4244125"]
[BlackFideId "13303570"]
[WhiteElo "2365"]
[BlackElo "2229"]
[Result "1-0"]
[Round "06"]
[TimeControl "180+1"]
[Date "2022.11.30"]
[WhiteClock "0:00:46"]
[BlackClock "0:00:29"]

1. d4 g6 2. e4 Bg7 3. c4 d6 4. Nc3 Nf6 5. f3 O-O 6. Nge2 e5 7. Be3 Nc6 8. d5 Ne7 9. g4 Nd7 10. Qd2 f5 11. g5 f4 12. Bf2 b6 13. O-O-O a5 14. Kb1 Ba6 15. Nc1 Nc5 16. h4 Qe8 17. Nb5 Bxb5 18. cxb5 Kf7 19. h5 Ng8 20. h6 Bh8 21. Ne2 Ke7 22. Nc3 Kd8 23. Bh3 Ne7 24. Qe2 Nc8 25. Qc4 Na7 26. a3 a4 27. Bf1 Qe7 28. Rg1 Qd7 29. Nxa4 Ke7 30. Nc3 Rfb8 31. b4 Nb7 32. Kb2 Nc8 33. Rh1 Kd8 34. Bh3 Qe7 35. Rhg1 Ra7 36. a4 Rba8 37. Kb3 Qf7 38. Rd2 Ne7 39. a5 Rxa5 40. Ra2 Rxa2 41. Nxa2 Nc8 42. Nc3 Qe7 43. Na4 Qf7 44. Qc6 Rb8 45. Ra1 Qe7 46. Bh4 Qe8 47. Nc3 Qxc6 48. bxc6 Nc5+ 49. bxc5 bxc5+ 50. Kc2 Nb6 51. Kd3 c4+ 52. Kc2 Na8 53. Bf2 Nb6 54. Bxb6 Rxb6 55. Ra8+ Ke7 56. Rxh8 Rb8 57. Rxb8 Kf7 58. Be6+ Ke7 59. Nb5 c3 60. Bg4 Kf7 61. Kxc3 Ke7 62. Nxc7 Kf7 63. Kb4 Ke7 64. Kb5 Kf7 65. Kb6 Ke7 66. Nb5 Kf7 67. Nxd6+ Ke7 68. Nc4 Kf7 69. Nxe5+ Ke7 70. Nc4 Kf7 71. e5 Ke7 72. Nb2 Kf7 73. Nd3 Ke7 74. Nxf4 Kf7 75. Ne2 Ke7 76. Nd4 Kf7 77. f4 Ke7 78. f5 Kf7 79. Rb7+ Kg8 80. f6 Kf8 81. e6 Ke8 82. d6 Kd8 83. Bf3 Kc8 84. Be4 Kd8 85. Nf3 Kc8 86. Ne5 Kd8 87. Nxg6 Kc8 88. Nh4 Kd8 89. Bxh7 Kc8 90. Bd3 Kd8 91. Bf1 Kc8 92. g6 Kd8 93. Ra7 Kc8 94. Ra2 Kb8 95. Rh2 Kc8 96. Nf3 Kb8 97. Rh1 Kc8 98. Ng1 Kb8 99. h7 Kc8 100. h8=Q# 1-0


[Site "https://www.chess.com"]

[Event "Titled Tuesday Blitz November 29 Early 2022"]
[White "Paravyan, David"]
[Black "Gorodetzky, David"]
[WhiteFideId "4194985"]
[BlackFideId "2813416"]
[WhiteElo "3058"]
[BlackElo "2858"]
[Result "0-1"]
[Round "06"]
[TimeControl "180+1"]
[Date "2022.11.30"]
[WhiteClock "0:00:01"]
[BlackClock "0:00:05"]

1. e4 c6 2. d4 d5 3. e5 c5 4. Nf3 Bg4 5. dxc5 e6 6. Be3 Ne7 7. c3 Nd7 8. Bb5 Nc6 9. Nbd2 Bxc5 10. Bxc5 Nxc5 11. O-O O-O 12. h3 Bh5 13. Bxc6 bxc6 14. b4 Nd7 15. Re1 c5 16. a3 Qc7 17. Nb3 Rfc8 18. Rc1 Nxe5 19. g4 Nxf3+ 20. Qxf3 c4 21. Nc5 Bg6 22. h4 h6 23. Qe3 Qe7 24. Qg3 a5 25. Re3 axb4 26. axb4 Ra2 27. Rce1 Qc7 28. Re5 Rca8 29. h5 Bc2 30. g5 hxg5 31. h6 f6 32. Nxe6 Qf7 33. R5e3 gxh6 34. Nd4 Be4 35. f3 f5 36. Qd6 f4 37. R3e2 Rxe2 38. Rxe2 Qh5 39. Qe6+ Kh7 40. Qd7+ Kh8 41. Kg2 g4 42. fxe4 f3+ 43. Kg3 Qh3+ 44. Kf4 fxe2 45. Ne6 Qf1+ 46. Ke5 Qf8 47. Nxf8 Rxf8 48. Qd6 Kg7 49. Qe7+ Rf7 50. Qe6 e1=Q 51. Qxg4+ Kh7 52. Kxd5 Qf2 53. Kxc4 Qf1+ 54. Kc5 Qf6 55. Qc8 Qxc3+ 56. Kd5 Qxc8 0-1


[Site "https://www.chess.com"]

[Event "Titled Tuesday Blitz November 29 Early 2022"]
[White "Petrova, Irina"]
[Black "Vaibhav, Suri"]
[WhiteFideId "14124122"]
[BlackFideId "5045185"]
[WhiteElo "2023"]
[BlackElo "2510"]
[Result "0-1"]
[Round "06"]
[TimeControl "180+1"]
[Date "2022.11.30"]
[WhiteClock "0:00:04"]
[BlackClock "0:00:37"]

1. e4 c5 2. Nf3 e6 3. c4 a6 4. Nc3 Qc7 5. Be2 Nc6 6. O-O Nf6 7. d4 cxd4 8. Nxd4 Bc5 9. Be3 Nxd4 10. Bxd4 d6 11. Bxc5 dxc5 12. Qc2 Bd7 13. Rad1 Bc6 14. Rfe1 O-O 15. Bd3 h6 16. e5 Nd7 17. f4 Rfd8 18. Be4 Nf8 19. Bxc6 Qxc6 20. Ne4 Ng6 21. g3 Ne7 22. Nd6 Rd7 23. Qg2 Qc7 24. Nxb7 Rb8 25. Nd6 Rbd8 26. Rd3 Qa5 27. Red1 Qxa2 28. Qd2 Qa4 29. b3 Qc6 30. h3 Nf5 31. Kh2 Nd4 32. Qf2 Rb8 33. f5 exf5 34. Nxf5 Qe4 35. Nxd4 cxd4 36. Rxd4 Rxd4 37. Rxd4 Qxe5 38. Rd3 a5 39. Qd2 Kh7 40. Rd5 Qe4 41. Rxa5 Rxb3 42. Ra2 Rd3 43. Qc2 Qe3 44. Qf2 Qe6 45. Qc2 Qg6 46. Qf2 Rc3 47. c5 Qd3 0-1


[Site "https://www.chess.com"]

[Event "Titled Tuesday Blitz November 29 Early 2022"]
[White "Petrovic, Aleksa"]
[Black "Matveeva, Olga"]
[WhiteFideId "967629"]
[BlackFideId "24107018"]
[WhiteElo "2224"]
[BlackElo "2055"]
[Result "1-0"]
[Round "06"]
[TimeControl "180+1"]
[Date "2022.11.30"]
[WhiteClock "0:01:33"]
[BlackClock "0:00:23"]

1. d4 Nf6 2. c4 e6 3. Nf3 d5 4. Nc3 dxc4 5. e3 c5 6. Bxc4 a6 7. a4 Nc6 8. O-O cxd4 9. exd4 Be7 10. Re1 O-O 11. Bg5 Nb4 12. Ne5 h6 13. Bh4 Nfd5 14. Bxe7 Nxe7 15. Qd2 Ned5 16. Nxd5 Nxd5 17. Ra3 b6 18. Rg3 Kh8 19. Rh3 Kg8 20. Ng4 Qg5 21. Nxh6+ gxh6 22. Rg3 f6 23. Bxd5 exd5 24. h4 Qxg3 25. fxg3 Ra7 26. Qxh6 Rg7 27. Qf4 Rg4 28. Qc7 Rg7 29. Re7 Rxe7 30. Qxe7 Bg4 31. Qd6 1-0


[Site "https://www.chess.com"]